 Dungeon Crawl Stone Soup version 0.30.0-10-gfe55d96785 (webtiles) character file.

Game seed: 13922130667792012604

7 monsoonserge the Slasher (level 2, 23/23 HPs)
             Began as a Meteoran Monk on May 16, 2023.
             Was a Believer of Hepliaklqana.
             Quit the game on level 1 of the Dungeon.
             The game lasted 00:01:35 (197 turns).

monsoonserge the Slasher (Meteoran Monk)             Turns: 197, Time: 00:01:36

Health: 23/23      AC:  2    Str: 12    XL:     2   Next: 17%
Magic:  3/3        EV: 13    Int: 11    God:    Hepliaklqana [**....]
Gold:   62         SH:  0    Dex: 16    Spells: 1/1 levels left

rFire   . . .        a - +0 falchion
rCold   . . .        d - orb {light}
rNeg    . . .        b - +0 robe
rPois   .            (no helmet)
rElec   .            (no cloak)
rCorr   .            (no gloves)
SInv    .            (no boots)
Will    .....        (no amulet)
Stlth   +            (no ring)
HPRegen 0.23/turn    (no ring)
MPRegen 0.08/turn

%: no passive effects
@: glowing
A: reduced essence, sense surroundings 1, otherworldly, glowing, explore regen
a: Renounce Religion, Ancestor Life: Knight, Ancestor Life: Battlemage, Ancestor
Life: Hexer, Recall Ancestor, Ancestor Identity


You were on level 1 of the Dungeon.
You worshipped Hepliaklqana.
Hepliaklqana was pleased with you.
You visited 1 branch of the dungeon, and saw 2 of its levels.

You collected 62 gold pieces.

Inventory:

Hand Weapons
 a - a +0 falchion (weapon)
Armour
 b - a +0 robe (worn)
 d - an orb of light (worn)
Scrolls
 f - 2 scrolls of identify {unknown}
Potions
 c - a potion of ambrosia
 e - a potion of lignification {unknown}
 g - a potion of degeneration {unknown}
 h - a potion of curing {unknown}


   Skills:
 + Level 3.4 Fighting
 + Level 3.9 Long Blades
 + Level 3.8 Dodging


You had one spell level left.
You didn't know any spells.
Your spell library was empty.

Dungeon Overview and Level Annotations

Branches:
Dungeon (2/15) Zot: 1001

Altars:
Hepliaklqana

Shops:
D:1 =


Innate Abilities, Weirdness & Mutations

Your life essence is reduced to manifest your ancestor. (-10% HP)
You passively map a small area around you.
You are easily found by Zot.
You glow in the dark.
You regain HP and MP as you explore.


Message History

There is an entrance to Faimigo's Jewellery Emporium here.
Saving game... please wait.
Welcome back, monsoonserge the Meteoran Monk.
Press ? for a list of commands and other information.
Press: ? - help, v - describe, . - travel Faimigo's Jewellery Emporium.
This square is lit by a halo.
A kobold comes into view. It is wielding a +0 dagger.
Found a stone staircase leading down.
You barely miss the kobold. The kobold hits you with a +0 dagger.
You hit the kobold.
You kill the kobold!
Things that are here:
a +0 dagger; 2 stones
There is a stone staircase leading down here.
You climb downwards.
The kobold shouts!
The ball python hisses angrily.
Found 10 gold pieces.
There is a stone staircase leading up here.
You slash the frilled lizard!
You kill the frilled lizard!
You climb upwards.
There is a stone staircase leading down here.
A hobgoblin comes into view.
The hobgoblin shouts!
Found a ring mail.
You open the door.
Found a faded altar of an unknown god.
There is an open door here.
An endoplasm comes into view.
The endoplasm moves out of view.
There is a faded altar of an unknown god here.
This altar belongs to (a) Hepliaklqana, (b) Qazlal or (c) Nemelex Xobeh, but you can't tell which.
Press the corresponding letter to learn more about a god, or press enter to convert or escape to cancel.
Hepliaklqana accepts your prayer! Hepliaklqana welcomes you!
Hepliaklqana forms a fragment of your life essence into the memory of your ancestor, Wilfreda!
You can now recall your ancestor.
You can now remember your ancestor's identity.
You may now remember your ancestor's life.
Are you sure you want to abandon this character and quit the game? (Confirm with "yes".)

#......####.. *#
#......# , .
#......#,
#......#. *
######'####...[.
#...............
#.........#.#.g..
#.....g...#.#....,
#....@..J........
#.............,
#..R.......... ,
#.............
#.............,
#########....#
.... ###


You could see the friendly Wilfreda the ancestor, an endoplasm and a hobgoblin
(ally target).

Vanquished Creatures
  A giant cockroach (D:1)
  A hobgoblin (D:1)
  A kobold (D:1)
  A ball python (D:1)
  A bat (D:1)
  2 frilled lizards
7 creatures vanquished.

Notes
Turn   | Place    | Note
-------+----------+-------------------------------------------
     0 | D:1      | monsoonserge the Meteoran Monk began the quest for the Orb.
     0 | D:1      | Reached XP level 1. HP: 19/19 MP: 2/2
   132 | D:1      | Reached XP level 2. HP: 20/26 MP: 3/3
   159 | D:1      | Found Faimigo's Jewellery Emporium.
   190 | D:1      | Found a faded altar of an unknown god.
   196 | D:1      | Prayed at the altar of an unknown god.
   196 | D:1      | Became a worshipper of Hepliaklqana the Forgotten
   196 | D:1      | Reached * piety under Hepliaklqana
   196 | D:1      | Reached ** piety under Hepliaklqana
   197 | D:1      | Quit the game

Illustrated notes

Levels and vault maps discovered:
D:1:      wheals_arrival_shading, layout_basic, basic_ecumenical_altar,
          serial_shops, nicolae_shop_advertising_works
          [nicolae_subvault_shop_adworks]
D:2:      layout_loops_ring, serial_shops, shop, uniq_jessica

Action                     || total
---------------------------++-------
  Melee: Falchion          ||    15
 Armour: Robe              ||     3
  Dodge: Dodged            ||     9
